 Dungeon Crawl Stone Soup version 0.26-a0-639-g72c4674329 (webtiles) character file.

Game seed: 14219136303122679938

680005 Borgoz the Slayer (level 27, -5/288 HPs)
             Began as a Gargoyle Berserker on Sept 19, 2020.
             Was the Champion of Trog.
             Killed by a greater mummy's death curse (25 damage)
             ... on level 2 of the Tomb of the Ancients.
             The game lasted 02:39:26 (71850 turns).

Borgoz the Slayer (Gargoyle Berserker)             Turns: 71850, Time: 02:39:26

Health: -5/288     AC: 69    Str: 34    XL:     27
Magic:  0/23       EV: 28    Int:  9    God:    Trog [******]
Gold:   4826       SH: 23    Dex: 35    Spells: 26/26 levels left

rFire    + + .     SeeInvis .   a - +10 morningstar "Eos" {elec, Halo rElec}
rCold    + + .     Faith    .   E - +5 kite shield {reflect}
rNeg     + + +     Spirit   +   b - +10 crystal plate armour "Vusil" {rF+ rC+ Dex+3}
rPois    ∞         Reflect  +   A - -2 hat of the Alchemist {rElec rPois rF+ rC+ rN+ MR+ rMut rCorr}
rElec    +         Harm     .   R - +2 cloak {rCorr}
rCorr    +         Rampage  .   j - +2 pair of gloves of Perfidy {+Fly Str+7 Dex+3}
rMut     +                      e - +1 pair of boots {run}
MR       +++++                  i - amulet of guardian spirit
Stlth    ..........             D - ring of Anaxzucium {Wiz rElec rN+ Str+3 Dex+5}
HPRegen  1.58/turn              S - +6 ring of dexterity
MPRegen  0.18/turn

@: berserking (expiring), flying, regenerating, glowing, very quick
A: big wings, negative energy resistance 1, electricity resistance, unbreathing,
petrification resistance, rot immunity, AC +20
}: 4/15 runes: barnacled, silver, abyssal, gossamer
a: Stop Flying, Berserk, Trog's Hand, Brothers in Arms, Renounce Religion


You were on level 2 of the Tomb of the Ancients.
You worshipped Trog.
Trog was exalted by your worship.
You visited 11 branches of the dungeon, and saw 50 of its levels.
You visited the Abyss 3 times.
You visited 1 bazaar.
You also visited: Sewer, Gauntlet and Ice Cave.

You collected 10672 gold pieces.
You spent 5846 gold pieces at shops.

Inventory:

Hand Weapons
 a - the +10 morningstar "Eos" (weapon) {elec, Halo rElec}
   (Trog gifted it to you on level 2 of the Spider Nest)

   Occasionally, upon striking a foe, it will discharge some electrical energy
   and cause terrible harm.
   It insulates you from electricity.
Missiles
 m - 3 throwing nets (quivered)
Armour
 b - the +10 crystal plate armour "Vusil" (worn) {rF+ rC+ Dex+3}
   (You acquired it on level 3 of the Depths)

   It affects your dexterity (+3).
   It protects you from fire.
   It protects you from cold.
 e - a +1 pair of boots of running (worn)
 j - the +2 pair of gloves of Perfidy (worn) {+Fly Str+7 Dex+3}
   (You bought it in a shop on level 3 of the Elven Halls)

   It affects your strength (+7).
   It affects your dexterity (+3).
   It lets you fly.
 A - the -2 hat of the Alchemist (worn) {rElec rPois rF+ rC+ rN+ MR+ rMut rCorr}
   (You found it on level 5 of the Dungeon)

   It protects you from fire.
   It protects you from cold.
   It insulates you from electricity.
   It protects you from poison.
   It protects you from negative energy.
   It affects your resistance to hostile enchantments.
   It provides partial protection from all sources of acid and corrosion.
   It protects you from mutation.
 E - a +5 kite shield of reflection (worn)
 R - a +2 cloak of preservation (worn)
Jewellery
 i - an amulet of guardian spirit (around neck)
 r - the ring of Igebbiw {rElec rPois rC+ MR+ Stlth+}
   (You found it on level 3 of the Vaults)

   [ring of protection from magic]

   It protects you from cold.
   It insulates you from electricity.
   It protects you from poison.
   It affects your resistance to hostile enchantments.
   It makes you more stealthy.
 C - the ring of Juigeco {rC+ Dex+3}
   (You bought it in a shop in a bazaar)

   [ring of protection from cold]

   It affects your dexterity (+3).
   It protects you from cold.
 D - the ring of Anaxzucium (left hand) {Wiz rElec rN+ Str+3 Dex+5}
   (You found it on level 1 of the Abyss)

   [ring of wizardry]

   It improves your spell success rate.
   It affects your strength (+3).
   It affects your dexterity (+5).
   It insulates you from electricity.
   It protects you from negative energy.
 S - a +6 ring of dexterity (right hand)
 V - an uncursed ring of protection from fire
Wands
 f - a wand of enslavement (35)
 g - a wand of paralysis (26)
 q - a wand of digging (35)
 v - a wand of polymorph (54)
 F - a wand of disintegration (76)
 I - a wand of acid (15)
 J - a wand of flame (203)
 O - a wand of iceblast (60)
Scrolls
 d - 20 scrolls of identify
 o - a scroll of enchant weapon
 s - 2 scrolls of brand weapon
 t - 45 scrolls of remove curse
 x - 9 scrolls of fog
 y - 11 scrolls of blinking
 B - 21 scrolls of teleportation
 H - 13 scrolls of magic mapping
 K - 2 scrolls of summoning
 L - 6 scrolls of silence
 M - 10 scrolls of fear
 P - a scroll of holy word
Potions
 c - 21 potions of ambrosia
 h - 25 potions of curing
 k - 11 potions of might
 l - 16 potions of heal wounds
 n - 6 potions of mutation
 p - a potion of stabbing
 u - 13 potions of haste
 w - 2 potions of berserk rage
 z - 5 potions of cancellation
 U - 10 potions of resistance


   Skills:
 * Level 24.9 Fighting
 * Level 23.2 Maces & Flails
 * Level 24.8 Armour
 * Level 20.1 Dodging
 - Level 5.0 Stealth
 - Level 15.5 Shields
 - Level 10.0 Evocations


You had 26 spell levels left.
You didn't know any spells.
Your spell library was empty.

Dungeon Overview and Level Annotations

Branches:
Dungeon (15/15)            Temple (1/1) D:7            Lair (6/6) D:8
 Shoals (4/4) Lair:4       Spider (4/4) Lair:4        Slime (0/5) Lair:6
    Orc (2/2) D:12            Elf (3/3) Orc:2        Vaults (5/5) D:14
  Crypt (3/3) Vaults:3       Tomb (2/3) Crypt:3      Depths (5/5) D:15
    Zot (0/5) Depths:5      Sewer (visited)           IceCv (visited)
Gauntlet (visited)

Altars:
Ashenzari
Cheibriados
Dithmenos
Elyvilon
Fedhas
Gozag
Hepliaklqana
Kikubaaqudgha
Makhleb
Nemelex Xobeh
Okawaru
Qazlal
Ru
Sif Muna
Trog
Uskayaw
Vehumet
Wu Jian
Xom
Yredelemnul
Zin
The Shining One
Jiyva

Shops:
D:5 ?   D:14 =(=[!   Orc:1 **?*   Orc:2 *(*:   Elf:3 (*   Vaults:2 !
Depths:3 *?!(

Portals:
Hell: Depths:1 Depths:2 Depths:3 Depths:4 Depths:5
Abyss: Depths:3 Depths:4
Pandemonium: Orc:2 Depths:1 Depths:2 Depths:3
Ziggurat: Depths:1

Annotations:
Depths:2 2 transporters, p0werm0de's ghost, adept MiFi


Innate Abilities, Weirdness & Mutations

You are resistant to torment.
Your stone body is resilient. (AC +20)
You are immune to poison.
Your large and strong wings let you fly indefinitely.
You resist negative energy. (rN+)
You are resistant to electric shocks. (rElec)
You can survive without breathing.
You are immune to petrification.
You are immune to rotting.


Message History

The ushabti hits you but does no damage.
The flying skull closely misses you.
You puncture the greater mummy!
The greater mummy is severely damaged.
The mummy priest mumbles some strange prayers to its god against you.
Something smites you!
* * * LOW HITPOINT WARNING * * *
The mummy priest utters an invocation to its god.
The flying skull hits you but does no damage.
You block the greater mummy's attack.
You skewer the greater mummy like a kebab!!!!
You destroy the greater mummy!
Trog accepts your kill.
Trog appreciates your killing of a magic user.
The emperor scorpion disappears in a puff of smoke! x2
The ice devil disappears in a puff of smoke!
The emperor scorpion disappears in a puff of smoke! x2
You feel extremely nervous for a moment...
Pain shoots through your body!!
You die...

)......§..§ .....
.....^... ....
#.......# .
...##MZ.....##MM
#..M.zMM......z.
##..§WM8W...§§..z
#.#.W§88§WZM....§.M
#...z§z.MM4z...^[..
#.ZW@z§84M.M...§.
##.M8M4Mz4.V.§...
#..MM4MM....§...
?...##ZM.....##.§
..... #.!...=.# .
#..... .[.......
#......M.........
#[......##...##...


You could see 2 greater mummies, 4 mummy priests, a jiangshi (summoned), 2
flayed ghosts, a shadow wraith (summoned, invisible), an orange demon
(summoned), a phantasmal warrior (summoned), 4 guardian mummies, 5 ushabtiu, an
ice devil (summoned), a rust devil (summoned), a spectral five-headed hydra
(summoned), a spectral swamp dragon (summoned), a chaos spawn (summoned), a
wraith (summoned), a red devil (summoned), 5 flying skulls, 8 mummies, a wight
(summoned), a spriggan zombie and an ettin skeleton.

Vanquished Creatures
  2 ancient liches
  Mara (Shoals:3)
  Mennas (Tomb:1)
  A juggernaut (Depths:5)
  3 greater mummies
  Margery (Vaults:3)
  Saint Roka (Depths:2)
  Xtahua (Crypt:1)
  The ghost of Qoegg the Demonic Blade, an adept DsGl of Okawaru (Elf:3)
  8 golden dragons
  Jory (Crypt:1)
  the Enchantress (Depths:5)
  A profane servitor (Crypt:3)
  12 liches
  6 bone dragons
  An Ice Fiend (IceCv)
  11 tentacled monstrosities
  3 deep elf blademasters (Elf:3)
  2 deep elf master archers (Elf:3)
  4 quicksilver dragons
  11 tentacled starspawn
  9 titans
  A kraken (Shoals:1)
  10 sphinxes
  6 ancient champions
  5 shadow dragons
  A sphinx (shapeshifter) (Vaults:4)
  2 nagarajas (Depths:1)
  2 draconian monks
  10 tengu reavers
  8 storm dragons
  2 revenants
  19 fire giants
  13 vault wardens
  14 frost giants
  An orc warlord (Orc:2)
  6 emperor scorpions
  An iron dragon (Depths:4)
  9 deep elf sorcerers
  4 ghost moths (Spider:4)
  2 curse skulls
  Aizul (Vaults:4)
  4 deep elf elementalists
  A draconian shifter (Depths:5)
  23 very ugly things
  12 ironheart preservers
  A cacodemon (Abyss:2)
  6 spriggan defenders
  9 ghouls
  2 war gargoyles
  2 entropy weavers
  22 stone giants
  A caustic shrike skeleton (Crypt:1)
  4 deep elf demonologists
  Nessos (D:12)
  6 vampire knights
  3 green draconians (Depths:5)
  2 lorocyprocas
  A minotaur (Gauntlet)
  11 deep elf annihilators
  2 white draconians (Depths:5)
  2 red draconians (Depths:5)
  The ghost of Sapher the Severer, a journeyman DDFi of Ru (Shoals:4)
  11 deep elf death magi
  4 spark wasps
  5 eidola
  12 ettins
  6 merfolk impalers
  18 jiangshi
  9 fire dragons
  12 great orbs of eyes
  9 merfolk javelineers
  16 deep elf high priests
  8 mummy priests (Tomb:1)
  21 ogre magi
  17 yaktaur captains
  Fannar (Lair:1)
  9 hydras
  40 vault guards
  Erolcha (D:12)
  10 rakshasas
  10 ice dragons
  Harold (D:11)
  A naga warrior (Depths:1)
  A quicksilver dragon skeleton (Crypt:1)
  7 centaur warriors
  4 merfolk avatars
  A catoblepas (Lair:6)
  4 anacondas (Depths:1)
  2 satyrs
  8 death knights
  9 spriggan air magi
  Erica (D:11)
  32 dancing weapons
  10 death scarabs (Tomb:1)
  9 death yaks
  8 deep troll earth magi
  12 large abominations
  66 two-headed ogres
  4 merfolk aquamancers
  5 deep troll shamans
  10 spriggan berserkers
  5 vampire magi
  Nergalle (Lair:1)
  8 thrashing horrors
  25 deep elf knights
  Sonja (Lair:4)
  5 orc high priests (Orc:2)
  14 hell knights
  50 skeletal warriors
  A sun demon (Abyss:1)
  14 wretched stars
  4 sixfirhies
  3 spatial maelstroms
  A sea snake (shapeshifter) (Depths:4)
  A fire crab (D:13)
  5 shadow wraiths
  21 sea snakes
  A deep troll (shapeshifter) (Depths:4)
  6 wizards
  13 flayed ghosts
  A spectral hydra (Crypt:3)
  6 glowing orange brains
  2 unseen horrors
  A gelid demonspawn (Orc:2)
  A torturous demonspawn (Orc:2)
  23 starcursed masses
  20 deep trolls
  A shadow dragon zombie (Vaults:4)
  A harpy (shapeshifter) (Depths:2)
  4 lindwurms
  16 orc knights
  23 deep elf archers
  28 harpies
  28 ironbrand convokers
  A stone giant zombie (D:15)
  8 phantasmal warriors
  3 mana vipers (shapeshifter)
  72 deep elf magi
  A spectral ettin (Crypt:3)
  32 wolf spiders
  13 necromancers
  11 manticores
  An iron dragon zombie (Crypt:2)
  16 orb spiders
  A cyclops (shapeshifter) (Depths:1)
  9 fauns
  13 orc sorcerers
  5 oklob plants
  2 moths of wrath
  24 elephants
  18 cyclopes
  7 merfolk sirens
  A rust devil (Abyss:2)
  25 ugly things
  A salamander (Depths:5)
  4 centaur zombies
  A black mamba (shapeshifter) (Elf:2)
  2 worldbinders
  A fire giant skeleton (Crypt:1)
  8 guardian serpents
  Maurice (D:12)
  An ice statue (IceCv)
  3 smoke demons
  A torpor snail (Lair:5)
  2 naga magi (Depths:1)
  12 vault sentinels
  5 water nymphs
  9 cane toads
  5 black mambas
  An orange demon (Abyss:1)
  A hellion (Abyss:4)
  A dire elephant zombie (Tomb:1)
  A dire elephant skeleton (Crypt:1)
  A gargoyle (D:14)
  3 rime drakes
  2 yaktaurs (shapeshifter)
  An emperor scorpion zombie (Abyss:2)
  47 yaktaurs
  3 anaconda simulacra (IceCv)
  6 komodo dragons
  19 freezing wraiths
  12 demonic crawlers
  2 tengu conjurers
  2 tormentors
  7 ice devils
  3 efreet
  4 hellwings
  4 ancient zymes
  3 hydra zombies
  2 jumping spiders (shapeshifter)
  35 jumping spiders
  14 guardian mummies
  2 queen bees
  8 meliai
  28 merfolk
  A human skeleton (Vaults:4)
  A queen bee (shapeshifter) (D:15)
  A yellow draconian skeleton (Crypt:1)
  A merfolk (shapeshifter) (D:13)
  13 hornets
  A polar bear (shapeshifter) (Abyss:1)
  9 trolls
  23 slime creatures
  11 wind drakes
  7 polar bears
  Grinder (Sewer)
  A slime creature (shapeshifter) (Vaults:5)
  A blink frog (shapeshifter) (Vaults:4)
  3 bog bodies
  A hydra skeleton (Crypt:1)
  19 raiju
  12 snapping turtles
  An ettin zombie (D:15)
  2 fire dragon zombies
  2 meliai zombies
  6 dream sheep (Lair:6)
  16 hippogriffs
  32 blink frogs
  A hippogriff (shapeshifter) (Abyss:1)
  2 centaur simulacra (D:13)
  A spriggan zombie (D:15)
  2 ettin skeletons
  A human simulacrum (Vaults:3)
  A stone giant simulacrum (Crypt:3)
  8 ynoxinuls
  2 shadows
  77 flying skulls
  61 redbacks
  17 water elementals
  A tarantella (shapeshifter) (Vaults:3)
  39 tarantellas
  40 yaks
  A spriggan (shapeshifter) (Vaults:4)
  3 spriggans
  An air elemental (Elf:3)
  5 vampires
  A fire dragon skeleton (Crypt:3)
  5 basilisks
  4 dire elephant simulacra (IceCv)
  5 ushabtiu
  3 fire elementals
  12 wraiths
  A basilisk (shapeshifter) (Vaults:5)
  4 wyverns
  3 fire bats (Abyss:1)
  7 golden eyes (Abyss:1)
  2 steam dragons
  14 vampire mosquitoes
  3 chaos spawn
  4 spatial vortices
  5 neqoxecs
  13 insubstantial wisps
  23 small abominations
  Edmund (D:5)
  2 wargs (Orc:2)
  2 iron troll simulacra (IceCv)
  7 acid dragons
  An acid dragon (shapeshifter) (D:14)
  2 harpy simulacra (IceCv)
  A soldier ant (shapeshifter) (Vaults:4)
  11 nagas (Depths:1)
  12 water moccasins
  13 porcupines
  3 soldier ants
  A cane toad zombie (Crypt:1)
  6 hydra simulacra (IceCv)
  A swamp drake (Lair:6)
  A swamp drake (shapeshifter) (Depths:5)
  50 orc warriors
  A hornet zombie (D:10)
  5 sky beasts
  A meliai simulacrum (D:15)
  50 ogres
  3 ettin simulacra
  A snapping turtle zombie (Abyss:1)
  5 ice beasts
  3 black bears
  A dream sheep zombie (Crypt:2)
  An ogre (shapeshifter) (Abyss:2)
  An eye of draining (Abyss:1)
  4 phantoms
  6 necrophages
  A swamp dragon skeleton (Crypt:1)
  10 wolves
  15 boggarts
  18 centaurs
  14 crocodiles
  A human zombie (Vaults:4)
  5 big kobolds
  21 bullfrogs
  6 earth elementals
  A draconian skeleton (Crypt:2)
  A water moccasin skeleton (Crypt:1)
  4 scorpions
  An elephant simulacrum (IceCv)
  39 killer bees
  17 wights
  A raiju skeleton (Crypt:2)
  4 electric eels
  A bullfrog zombie (D:13)
  A crimson imp (Depths:2)
  11 hounds
  2 draconian simulacra (IceCv)
  3 bullfrog skeletons
  6 jellies
  5 quasits
  A centaur skeleton (D:11)
  20 orc priests
  Crazy Yiuf (D:5)
  A gnoll shaman (D:5)
  8 iron imps
  8 iguanas
  4 hell rats (Lair:6)
  18 orc wizards
  Ijyb (D:3)
  Natasha (thrice) (D:2)
  A polar bear simulacrum (IceCv)
  7 worker ants
  A spriggan simulacrum (IceCv)
  A worker ant (shapeshifter) (D:13)
  5 troll simulacra (IceCv)
  A tengu zombie (Crypt:1)
  5 big kobold zombies
  A deep dwarf skeleton (Crypt:2)
  13 mummies (Tomb:1)
  3 hound skeletons (D:4)
  17 adders
  4 gnolls (D:5)
  2 river rats (D:3)
  4 naga simulacra (IceCv)
  2 ogre simulacra (IceCv)
  4 shadow imps
  A steam dragon skeleton (Crypt:1)
  12 white imps
  13 ufetubi
  9 oozes
  An adder skeleton (D:5)
  2 adder zombies
  An iguana skeleton (Crypt:2)
  A dart slug (D:3)
  2 worms
  6 leopard geckos
  106 orcs
  4 ball pythons
  6 giant cockroaches
  9 goblins
  6 hobgoblins
  2 jackals (D:7)
  33 kobolds
  6 quokkas
  5 bats
  10 frilled lizards
  2 kobold zombies (Sewer)
  A quokka skeleton (D:5)
  10 rats
  A river rat skeleton (Crypt:1)
  9 butterflies (Vaults:2)
  2 crawling corpses
  2 lurking horrors
  4 starspawn tentacles
  4 tentacles (Shoals:1)
2921 creatures vanquished.

Vanquished Creatures (collateral kills)
  The ghost of Waterpls the Gnoll Aeon, an adept GnEn of Cheibriados (Vaults:3)
  Ilsuiw (Shoals:2)
  A frost giant (Vaults:5)
  A fire giant (Vaults:5)
  A stone giant (Vaults:5)
  A spark wasp (Spider:4)
  A merfolk javelineer (Shoals:4)
  A centaur warrior (Depths:1)
  5 skeletal warriors
  An orc knight (D:15)
  A cyclops (Shoals:4)
  An ugly thing (D:15)
  A faun (Shoals:2)
  A moth of wrath (Shoals:4)
  2 jumping spiders (Spider:4)
  A merfolk (Shoals:2)
  A hornet (Spider:4)
  2 flying skulls (Crypt:3)
  4 redbacks (Spider:4)
  An ushabti (Tomb:2)
  2 tarantellas (Spider:4)
  An orc wizard (D:15)
  A mummy (Tomb:1)
33 creatures vanquished.

Vanquished Creatures (others)
  A vampire mage (Abyss:2)
  A deep elf knight (Elf:1)
  A hell knight (Vaults:3)
  A blink frog (Abyss:2)
  2 nagas (Depths:1)
  A sky beast (D:9)
  A small abomination (Abyss:2)
  A centaur (D:9)
  An orc priest (D:9)
  An adder skeleton (D:9)
  4 orcs
  2 crawling corpses (Elf:3)
  14 demonic plants (Gauntlet)
  17 fungi
  A lurking horror (Abyss:4)
  76 plants
  24 starspawn tentacles
  4 tentacles (Shoals:1)
  2 withered plants
155 creatures vanquished.

Grand Total: 3109 creatures vanquished

Notes
Turn   | Place    | Note
-------+----------+-------------------------------------------
     0 | D:1      | Borgoz the Gargoyle Berserker began the quest for the Orb.
     0 | D:1      | Reached XP level 1. HP: 14/14 MP: 1/1
   295 | D:1      | Reached XP level 2. HP: 19/19 MP: 2/2
   686 | D:1      | Reached XP level 3. HP: 23/24 MP: 3/3
  1211 | D:2      | Found a white marble altar of Elyvilon.
  1243 | D:2      | Found a stormy altar of Qazlal.
  1248 | D:2      | Reached XP level 4. HP: 28/29 MP: 4/4
  1350 | D:2      | Noticed Natasha
  1361 | D:2      | Killed Natasha
  1539 | D:2      | Noticed Natasha
  1547 | D:2      | Killed Natasha
  1602 | D:2      | Noticed Natasha
  1613 | D:2      | Killed Natasha
  1613 | D:2      | Reached XP level 5. HP: 30/33 MP: 5/5
  1670 | D:3      | Reached ** piety under Trog
  1696 | D:3      | Found a glowing drain.
  1755 | Sewer    | Entered a sewer
  1924 | Sewer    | Found an ancient bone altar of Kikubaaqudgha.
  1928 | Sewer    | Noticed Grinder
  1934 | Sewer    | Reached XP level 6. HP: 39/39 MP: 3/6
  1936 | Sewer    | Noticed a phantom
  1980 | Sewer    | Paralysed by Grinder for 2 turns
  2003 | Sewer    | Killed Grinder
  2003 | Sewer    | Reached skill level 5 in Fighting
  2003 | Sewer    | Reached XP level 7. HP: 43/44 MP: 5/7
  2515 | D:3      | Reached *** piety under Trog
  2515 | D:3      | Reached skill level 5 in Maces & Flails
  2587 | D:3      | Noticed Ijyb
  2598 | D:3      | Killed Ijyb
  2732 | D:3      | Reached skill level 5 in Armour
  3246 | D:3      | Reached XP level 8. HP: 48/51 MP: 8/8
  3772 | D:4      | Noticed a troll
  3788 | D:4      | Killed a troll
  4331 | D:5      | Entered Level 5 of the Dungeon
  4344 | D:5      | Found the -2 hat of the Alchemist {rElec rPois rF+ rC+ rN+
                  | MR+ rMut rCorr}
  4360 | D:5      | Found an ornate altar of the Wu Jian Council.
  4538 | D:5      | Found Zorenwoo's Magic Scroll Shoppe.
  4545 | D:5      | Bought a scroll of magic mapping for 49 gold pieces
  4597 | D:5      | Found a runed translucent door.
  4598 | D:5      | Noticed Crazy Yiuf
  4606 | D:5      | Killed Crazy Yiuf
  4817 | D:5      | Noticed Edmund
  4839 | D:5      | Killed Edmund
  5090 | D:5      | Found a shattered altar of Ashenzari.
  5097 | D:5      | Found an ancient bone altar of Kikubaaqudgha.
  5316 | D:6      | Reached skill level 1 in Shields
  5317 | D:6      | Reached XP level 9. HP: 53/56 MP: 7/9
  5356 | D:6      | Reached **** piety under Trog
  5672 | D:6      | Reached skill level 5 in Dodging
  5767 | D:6      | Found an iron altar of Okawaru.
  6256 | D:7      | Got a brightly glowing morningstar
  6258 | D:7      | Identified the +8 morningstar of the Wizarding Blowfly
                  | {freeze, rF- Str+6 Dex+5} (You found it on level 7 of the
                  | Dungeon)
  6273 | D:7      | Found a staircase to the Ecumenical Temple.
  6297 | Temple   | Entered the Ecumenical Temple
  6681 | D:7      | Found a shimmering blue altar of Sif Muna.
  7114 | D:8      | Reached XP level 10. HP: 64/64 MP: 10/10
  7239 | D:8      | Found a staircase to the Lair.
  7325 | D:8      | Reached ***** piety under Trog
  8028 | D:9      | Got a jewelled leather armour
  8039 | D:9      | Identified the +2 leather armour of the Game of Kings {+Fly
                  | rN+++ Str-2 Dex+8} (You found it on level 9 of the Dungeon)
  8065 | D:9      | Reached skill level 5 in Shields
  8239 | D:9      | Found a glowing golden altar of the Shining One.
  8281 | D:9      | Found a shimmering altar of Xom.
  8290 | D:9      | Received a gift from Trog
  8653 | D:9      | Found a basalt altar of Yredelemnul.
  8700 | D:9      | Noticed a profane servitor
  8853 | D:9      | Noticed an angel
  8869 | D:10     | Entered Level 10 of the Dungeon
  8892 | D:10     | Reached XP level 11. HP: 71/71 MP: 11/11
  9053 | D:10     | Found a glowing golden altar of the Shining One.
  9066 | D:10     | Got a scorched scale mail
  9078 | D:10     | Identified the +0 scale mail of Fedhas's Esteem {Str+2}
                  | (You found it on level 10 of the Dungeon)
  9592 | D:11     | Noticed a deep elf mage
  9611 | D:11     | Killed a deep elf mage
  9679 | D:11     | Noticed an unseen horror
  9694 | D:11     | Killed an unseen horror
  9817 | D:11     | Received a gift from Trog
  9825 | D:11     | Noticed a two-headed ogre
  9834 | D:11     | Killed a two-headed ogre
  9835 | D:11     | Noticed Harold
  9849 | D:11     | Killed Harold
  9864 | D:11     | Reached skill level 10 in Fighting
  9864 | D:11     | Noticed a cyclops
  9873 | D:11     | Noticed Erica
  9877 | D:11     | Killed a cyclops
  9882 | D:11     | Killed Erica
 10002 | D:11     | Reached XP level 12. HP: 77/77 MP: 12/12
 10308 | D:11     | Reached skill level 10 in Armour
 10544 | D:11     | Noticed a two-headed ogre
 10552 | D:11     | Killed a two-headed ogre
 11327 | D:12     | Noticed Nessos
 11334 | D:12     | Killed Nessos
 11566 | D:12     | Reached skill level 10 in Maces & Flails
 11596 | D:12     | Found a staircase to the Orcish Mines.
 11972 | D:12     | Noticed Erolcha
 11978 | D:12     | Killed Erolcha
 12467 | D:12     | Noticed Maurice
 12477 | D:12     | Killed Maurice
 12539 | D:13     | Reached XP level 13. HP: 70/84 MP: 10/13
 12735 | D:13     | Found a blossoming altar of Fedhas.
 13012 | D:13     | Noticed an ice dragon
 13028 | D:13     | Killed an ice dragon
 13112 | D:13     | Reached skill level 10 in Shields
 13282 | D:13     | Found the +7 Spriggan's Knife {stab, EV+4 Stlth+}
 13377 | D:13     | Gained mutation: Your large and strong wings let you fly
                  | indefinitely. [Gargoyle growth]
 13377 | D:13     | Reached XP level 14. HP: 72/92 MP: 12/14
 14141 | D:14     | Found Fius's Distillery.
 14364 | D:14     | Found a hide-covered altar of Uskayaw.
 14696 | D:14     | Found Peur Kent's Armour Shop.
 14706 | D:14     | Found Okiff's Jewellery Shoppe.
 14707 | D:14     | Found Hiapli Pide's Jewellery Shop.
 14787 | D:14     | Found Qefytisuf's Antique Weapon Emporium.
 14831 | D:14     | Reached skill level 10 in Dodging
 15169 | D:14     | Found a gate to the Vaults.
 15319 | D:15     | Entered Level 15 of the Dungeon
 15322 | D:15     | Found Qeduil's Magic Scroll Boutique.
 15595 | D:15     | Reached XP level 15. HP: 61/98 MP: 11/15
 15799 | D:15     | Found a staircase to the Depths.
 16473 | Lair:1   | Entered Level 1 of the Lair of Beasts
 16545 | Lair:1   | Noticed Nergalle
 16547 | Lair:1   | Noticed Fannar
 16559 | Lair:1   | Killed Nergalle
 16571 | Lair:1   | Killed Fannar
 17574 | Lair:2   | Found a gate leading to a gauntlet.
 17624 | Gauntlet | Entered a Gauntlet
 17624 | Gauntlet | Found a transporter.
 17643 | Gauntlet | Found a transporter.
 17648 | Gauntlet | Found a transporter.
 17653 | Gauntlet | Found a transporter.
 17668 | Gauntlet | Found a transporter.
 17687 | Gauntlet | Found a transporter.
 17699 | Gauntlet | Found a transporter.
 17711 | Gauntlet | Found a transporter.
 17723 | Gauntlet | Found a transporter.
 17735 | Gauntlet | Found a transporter.
 17754 | Gauntlet | Found a transporter.
 17769 | Gauntlet | Found a transporter.
 17771 | Gauntlet | Found a transporter.
 17796 | Gauntlet | Found a transporter.
 17798 | Gauntlet | Found a transporter.
 17818 | Gauntlet | Found a transporter.
 17896 | Gauntlet | Found a transporter.
 18015 | Gauntlet | Found a transporter.
 18318 | Gauntlet | Got a steaming iron amulet
 18335 | Gauntlet | Identified the amulet of Urosisio {Acrobat Str+3 Dex+2}
                  | (You found it in a Gauntlet)
 18432 | Lair:2   | Reached ****** piety under Trog
 18916 | Lair:3   | Received a gift from Trog
 18917 | Lair:3   | Got a steaming morningstar {god gift}
 18918 | Lair:3   | Identified the +7 morningstar of Trog's Pride {vorpal,
                  | *Drain rElec rPois Str-5} (Trog gifted it to you on level 3
                  | of the Lair of Beasts)
 18979 | Lair:3   | Found a basalt altar of Yredelemnul.
 19946 | Lair:4   | Noticed Sonja
 19958 | Lair:4   | Killed Sonja
 20043 | Lair:4   | Reached XP level 16. HP: 105/106 MP: 16/16
 20044 | Lair:4   | Found a hole to the Spider Nest.
 20155 | Lair:4   | Found a staircase to the Shoals.
 20981 | Lair:5   | Received a gift from Trog
 21306 | Lair:5   | You are sucked into a shaft and drop 1 floor!
 21306 | Lair:6   | Entered Level 6 of the Lair of Beasts
 22102 | Lair:3   | Got a scorched chain mail
 22113 | Lair:3   | Identified the +8 chain mail of Howling Wind {Regen+ Int+3}
                  | (You found it on level 3 of the Lair of Beasts)
 22512 | Lair:6   | Found a viscous altar of Jiyva.
 22513 | Lair:6   | Found a staircase to the Slime Pits.
 22596 | Lair:6   | Received a gift from Trog
 23345 | D:5      | Bought a scroll of remove curse for 42 gold pieces
 23345 | D:5      | Bought a scroll of magic mapping for 49 gold pieces
 23345 | D:5      | Bought a scroll of teleportation for 42 gold pieces
 23345 | D:5      | Bought a scroll of teleportation for 42 gold pieces
 23526 | Orc:1    | Entered Level 1 of the Orcish Mines
 23526 | Orc:1    | Found Mymiav's Magic Scroll Emporium.
 23536 | Orc:1    | Bought a scroll of blinking for 135 gold pieces
 23736 | Orc:1    | Found Elaum's Assorted Antiques.
 23736 | Orc:1    | Found Seodes's Assorted Antiques.
 23792 | Orc:1    | Found Hoantor's General Store.
 23796 | Orc:1    | Bought a potion of heal wounds for 85 gold pieces
 23984 | Orc:2    | Entered Level 2 of the Orcish Mines
 24183 | Orc:2    | Found Kiechoc's General Store.
 24218 | Orc:2    | Received a gift from Trog
 24235 | Orc:2    | Found Deing's General Store.
 24367 | Orc:2    | Found a staircase to the Elven Halls.
 24736 | Orc:2    | Reached XP level 17. HP: 90/112 MP: 13/17
 24930 | Orc:2    | Reached skill level 15 in Fighting
 25027 | Orc:2    | Found Ijelov's Book Shoppe.
 25027 | Orc:2    | Found Xyottaod's Antique Weapon Emporium.
 25028 | Orc:2    | Found a one-way gate leading to the halls of Pandemonium.
 25103 | Orc:2    | Bought a scroll of acquirement for 832 gold pieces
 25149 | Orc:1    | Bought a faintly humming plate armour for 756 gold pieces
 25159 | Orc:1    | Identified the cursed +1 plate armour of the Comet {rCorr}
                  | (You bought it in a shop on level 1 of the Orcish Mines)
 25177 | Orc:1    | Bought a masterwork mace for 232 gold pieces
 25177 | Orc:1    | Identified the +7 mace of Magnificence {holy, *Contam
                  | Fragile rElec rPois} (You bought it in a shop on level 1 of
                  | the Orcish Mines)
 25183 | Orc:1    | Bought an ichor-stained scale mail for 243 gold pieces
 25183 | Orc:1    | Bought a peridot ring for 135 gold pieces
 25184 | Orc:1    | Identified the cursed +0 scale mail "Cogyriot" {*Slow MR+
                  | Regen+ Int+3} (You bought it in a shop on level 1 of the
                  | Orcish Mines)
 25273 | D:14     | Bought a potion of heal wounds for 75 gold pieces
 25273 | D:14     | Bought a potion of might for 60 gold pieces
 25447 | Lair:1   | Acquired a manual of Shields
 25551 | Shoals:1 | Entered Level 1 of the Shoals
 25595 | Shoals:1 | Reached skill level 15 in Armour
 25637 | Shoals:1 | Received a gift from Trog
 25662 | Shoals:1 | Reached skill level 1 in Stealth
 25832 | Shoals:1 | Got a twisted robe
 25838 | Shoals:1 | Identified the cursed +0 robe "Yxten" {MR+} (You found it
                  | on level 1 of the Shoals)
 25960 | Shoals:1 | Noticed a kraken
 25991 | Shoals:1 | Killed a kraken
 25991 | Shoals:1 | Reached skill level 1 in Evocations
 26814 | Shoals:2 | Noticed Ilsuiw
 26883 | Shoals:2 | Killed Ilsuiw
 27528 | Shoals:3 | Noticed Mara
 27537 | Shoals:3 | Received a gift from Trog
 27551 | Shoals:3 | Noticed Borgoz's illusion
 27639 | Shoals:3 | Found a frozen archway.
 27681 | IceCv    | Entered an ice cave
 28030 | IceCv    | Received a gift from Trog
 28299 | IceCv    | Noticed an Ice Fiend
 28328 | IceCv    | Killed an Ice Fiend
 28428 | IceCv    | Got a pair of jewelled gloves
 28454 | IceCv    | Identified the +2 pair of gloves of Geloafro {+Fly} (You
                  | found it in an ice cave)
 28816 | Shoals:3 | Reached XP level 18. HP: 120/120 MP: 18/18
 29194 | Shoals:3 | Noticed Borgoz's illusion
 29217 | Shoals:3 | Killed Mara
 29448 | Shoals:4 | Entered Level 4 of the Shoals
 29551 | Shoals:4 | Identified the Handbook of the Shifting Oath
 29856 | Shoals:4 | Got a barnacled rune of Zot
 30039 | Shoals:4 | Found a transporter.
 30041 | Shoals:4 | Identified the +7 demon trident of the Reaper {antimagic,
                  | SInv}
 30049 | Shoals:4 | Reached skill level 5 in Stealth
 30237 | Shoals:4 | Found the +8 lance "Wyrmbane" {slay drac, rPois rF+ rC+
                  | AC+3}
 30304 | Shoals:4 | Found a transporter.
 30356 | Shoals:4 | Identified the cursed +1 demon trident "Baplis" {flame,
                  | rPois rF+++ MP-9 Dex-2}
 30358 | Shoals:4 | Noticed Sapher's ghost (journeyman DDFi)
 30382 | Shoals:4 | Reached skill level 15 in Maces & Flails
 30382 | Shoals:4 | Reached skill level 15 in Shields
 30393 | Shoals:4 | Received a gift from Trog
 30481 | Shoals:4 | Found a bloodstained altar of Trog.
 30673 | Shoals:4 | Killed Sapher's ghost
 31181 | Spider:1 | Entered Level 1 of the Spider Nest
 31602 | Spider:1 | Reached XP level 19. HP: 127/127 MP: 19/19
 31924 | Spider:2 | Received a gift from Trog
 31925 | Spider:2 | Found the +10 morningstar "Eos" {elec, Halo rElec}
 32980 | Spider:3 | Acquired the ring of False Pretenses {Slay+2 Stlth+}
 33387 | Spider:4 | Entered Level 4 of the Spider Nest
 33395 | Spider:3 | Received a gift from Trog
 33451 | Spider:4 | Reached skill level 5 in Evocations
 34167 | Spider:4 | Got a gossamer rune of Zot
 34807 | Vaults:1 | Entered Level 1 of the Vaults
 34899 | Vaults:1 | Reached XP level 20. HP: 127/134 MP: 18/20
 34937 | Vaults:1 | Received a gift from Trog
 35118 | Vaults:1 | Got a shimmering spear
 35806 | Vaults:1 | Received a gift from Trog
 36212 | Vaults:2 | Found a huge runed gate.
 36212 | Vaults:2 | Found a huge runed gate.
 36212 | Vaults:2 | Found a huge runed gate.
 36212 | Vaults:2 | Found a huge runed gate.
 36213 | Vaults:2 | Found a huge runed gate.
 36213 | Vaults:2 | Found a huge runed gate.
 36213 | Vaults:2 | Found a huge runed gate.
 36213 | Vaults:2 | Found a huge runed gate.
 36214 | Vaults:2 | Found a huge runed gate.
 36214 | Vaults:2 | Found a huge runed gate.
 36220 | Vaults:2 | Found a huge runed gate.
 36220 | Vaults:2 | Found a huge runed gate.
 36220 | Vaults:2 | Found a huge runed gate.
 36220 | Vaults:2 | Found a huge runed gate.
 36220 | Vaults:2 | Found a huge runed gate.
 36220 | Vaults:2 | Found a huge runed gate.
 36220 | Vaults:2 | Found a huge runed gate.
 36221 | Vaults:2 | Found a huge runed gate.
 36222 | Vaults:2 | Found a huge runed gate.
 36230 | Vaults:2 | Found a huge runed gate.
 36230 | Vaults:2 | Found a huge runed gate.
 36230 | Vaults:2 | Found a huge runed gate.
 36230 | Vaults:2 | Found a huge runed gate.
 36230 | Vaults:2 | Found a huge runed gate.
 36230 | Vaults:2 | Found a huge runed gate.
 36230 | Vaults:2 | Found a huge runed gate.
 36280 | Vaults:2 | Found Ypestrua's Distillery.
 36304 | Vaults:2 | Got a pitted whip
 36999 | Vaults:2 | Received a gift from Trog
 37080 | Vaults:2 | Identified the +3 whip of the Protecting Fool {flame,
                  | Int+3} (You found it on level 2 of the Vaults)
 37285 | Vaults:2 | Identified the amulet of Awe {RegenMP rPois Int+3}
 37357 | Vaults:2 | Found a huge runed gate.
 37357 | Vaults:2 | Found a huge runed gate.
 37357 | Vaults:2 | Found a huge runed gate.
 37357 | Vaults:2 | Found a huge runed gate.
 37357 | Vaults:2 | Found a huge runed gate.
 37358 | Vaults:2 | Found a huge runed gate.
 37358 | Vaults:2 | Found a huge runed gate.
 37358 | Vaults:2 | Found a huge runed gate.
 37358 | Vaults:2 | Found a huge runed gate.
 37360 | Vaults:2 | Found a huge runed gate.
 37475 | Vaults:2 | Noticed a lich
 37482 | Vaults:2 | Killed a lich
 37495 | Vaults:2 | Reached XP level 21. HP: 116/141 MP: 17/21
 37765 | Vaults:2 | Got a shimmering chain mail
 37874 | Vaults:3 | Noticed Margery
 37882 | Vaults:3 | Received a gift from Trog
 37914 | Vaults:3 | Killed Margery
 38149 | Vaults:3 | Found a staircase to the Crypt.
 38541 | Vaults:3 | Found a runed translucent gate.
 38543 | Vaults:3 | Found a runed translucent gate.
 38544 | Vaults:3 | Found a runed translucent gate.
 38544 | Vaults:3 | Found an ancient bone altar of Kikubaaqudgha.
 38544 | Vaults:3 | Noticed Waterpls's ghost (adept GnEn)
 38545 | Vaults:3 | Noticed an ancient lich
 38703 | Vaults:3 | Identified the +5 chain mail of Ihedghaim {-Tele rC+
                  | Slay+3} (You found it on level 2 of the Vaults)
 38754 | Vaults:3 | Identified the +2 spear of Sexuhota {drain, +Blink} (You
                  | found it on level 1 of the Vaults)
 38900 | Vaults:3 | Killed an ancient lich
 38908 | Vaults:3 | Killed Waterpls's ghost
 38925 | Vaults:3 | Got a brightly glowing steel ring
 38928 | Vaults:3 | Got a shimmering ring mail
 38930 | Vaults:3 | Got a pair of heavily runed boots
 38950 | Vaults:3 | Identified the +2 pair of boots of the Unseen Realm {rN+
                  | MR- Str+6} (You found it on level 3 of the Vaults)
 38960 | Vaults:3 | Identified the +4 ring mail of the Shoals {rF++} (You found
                  | it on level 3 of the Vaults)
 38971 | Vaults:3 | Identified the ring of Igebbiw {rElec rPois rC+ MR+ Stlth+}
                  | (You found it on level 3 of the Vaults)
 39633 | Vaults:4 | Received a gift from Trog
 39852 | Vaults:4 | Found a flickering gateway to a bazaar.
 39858 | Bazaar   | Entered a bazaar
 39858 | Bazaar   | Found Seovug's Jewellery Shoppe.
 39858 | Bazaar   | Found Uziotuta's Antique Weapon Shoppe.
 39858 | Bazaar   | Found Kuejew's Armour Emporium.
 39907 | Bazaar   | Found Igugues's Weapon Emporium.
 39938 | Bazaar   | Bought the ring of Juigeco {rC+ Dex+3} for 421 gold pieces
 39977 | Vaults:4 | Noticed Aizul
 39992 | Vaults:4 | Killed Aizul
 40631 | Vaults:4 | Reached skill level 15 in Dodging
 41281 | Vaults:4 | Reached XP level 22. HP: 149/149 MP: 16/22
 41304 | Vaults:4 | Received a gift from Trog
 41381 | Vaults:4 | Got a transparent great mace {god gift}
 41383 | Vaults:4 | Identified the +8 great mace of Fallacy {flame, *Slow MR-
                  | Str+2 Dex+7} (Trog gifted it to you on level 4 of the
                  | Vaults)
 41830 | Vaults:5 | Entered Level 5 of the Vaults
 41836 | Vaults:5 | Noticed a golden dragon
 42123 | Vaults:4 | Received a gift from Trog
 42353 | Vaults:4 | Killed a golden dragon
 42857 | Orc:1    | Bought a scroll of enchant armour for 135 gold pieces
 42857 | Orc:1    | Bought a scroll of fear for 63 gold pieces
 42899 | Orc:2    | Bought a scroll of enchant armour for 75 gold pieces
 44988 | Vaults:4 | Reached XP level 23. HP: 117/156 MP: 17/23
 45408 | Vaults:5 | Paralysed by a sphinx for 5 turns
 45938 | Vaults:4 | Received a gift from Trog
 45973 | Vaults:5 | Paralysed by a sphinx for 6 turns
 46024 | Vaults:5 | Noticed a golden dragon
 46034 | Vaults:5 | Killed a golden dragon
 47275 | Vaults:5 | Got a silver rune of Zot
 47381 | Vaults:5 | Got a twisted great mace
 47383 | Vaults:5 | Identified the +6 great mace "Roezanycw" {freeze, rPois MR-
                  | Int+5 Dex-2} (You found it on level 5 of the Vaults)
 47865 | Elf:1    | Entered Level 1 of the Elven Halls
 48195 | Elf:1    | Received a gift from Trog
 48712 | Elf:1    | Received a gift from Trog
 49276 | Elf:2    | Reached XP level 24. HP: 164/164 MP: 23/23
 49314 | Elf:2    | Cast into level 2 of the Abyss (+2 hand axe of distortion)
 49846 | Abyss:2  | Received a gift from Trog
 49953 | Elf:2    | Escaped the Abyss
 50019 | Elf:2    | Found a runed translucent gate.
 50019 | Elf:2    | Found a runed translucent gate.
 50019 | Elf:2    | Found a runed translucent gate.
 50349 | Elf:2    | Found a bloodstained altar of Trog.
 50827 | Elf:2    | Received a gift from Trog
 50983 | Elf:3    | Entered Level 3 of the Elven Halls
 51101 | Elf:3    | Found Oraf's Assorted Antiques.
 51186 | Elf:3    | Identified the Tome of Combat Magic
 51381 | Elf:3    | Bought a pair of heavily runed gloves for 446 gold pieces
 51381 | Elf:3    | Bought a scroll of identify for 94 gold pieces
 51381 | Elf:3    | Identified the +2 pair of gloves of Perfidy {+Fly Str+7
                  | Dex+3} (You bought it in a shop on level 3 of the Elven
                  | Halls)
 51462 | Elf:3    | Found Vobia's Antique Weapon Shoppe.
 51597 | Elf:3    | Identified the ring "Barocken" {*Drain +Fly Int+6 Dex+4}
 51606 | Elf:3    | Received a gift from Trog
 51674 | Elf:3    | Identified the ring of the Coward {*Drain Str+6 Int+6}
 52070 | Elf:3    | Identified the Handbook of Dark Secrets
 52130 | Elf:3    | Got a translucent dagger
 52171 | Elf:3    | Got a steaming shortbow
 52397 | Elf:3    | Reached XP level 25. HP: 172/172 MP: 23/23
 52406 | Elf:3    | Received a gift from Trog
 52453 | Elf:3    | Found a runed translucent door.
 52454 | Elf:3    | Noticed Qoegg's ghost (adept DsGl)
 52579 | Elf:3    | Killed Qoegg's ghost
 52591 | Elf:3    | Identified the cursed +0 dagger of Roecke {holy, +Rage}
                  | (You found it on level 3 of the Elven Halls)
 52592 | Elf:3    | Identified the cursed +2 shortbow "Goen" {venom, Str+6}
                  | (You found it on level 3 of the Elven Halls)
 52629 | Elf:3    | Bought a scroll of fear for 164 gold pieces
 52787 | D:14     | Bought a potion of haste for 150 gold pieces
 52848 | D:14     | Bought an uncursed ring of protection from fire for 450
                  | gold pieces
 53331 | Crypt:1  | Entered Level 1 of the Crypt
 53390 | Crypt:1  | Noticed Jory
 53403 | Crypt:1  | Killed Jory
 53601 | Crypt:1  | Noticed Xtahua
 53615 | Crypt:1  | Killed Xtahua
 53849 | Crypt:1  | Received a gift from Trog
 54743 | Crypt:2  | Got a transparent granite ring
 54744 | Crypt:2  | Identified the ring of Donode {Fire MR+} (You found it on
                  | level 2 of the Crypt)
 55133 | Crypt:2  | Received a gift from Trog
 55508 | Crypt:2  | Got a faintly glowing long sword
 55509 | Crypt:2  | Identified the cursed +1 long sword of Judgement {elec,
                  | rElec rC++ Dex+3} (You found it on level 2 of the Crypt)
 55556 | Crypt:3  | Entered Level 3 of the Crypt
 55687 | Crypt:3  | Found a basalt altar of Yredelemnul.
 55753 | Crypt:3  | Received a gift from Trog
 55823 | Crypt:3  | Got a crude flail {god gift}
 55824 | Crypt:3  | Identified the +11 flail "Remo" {vorpal, Int+4 Stlth+}
                  | (Trog gifted it to you on level 3 of the Crypt)
 57061 | Crypt:3  | Found a staircase to the Tomb.
 57079 | Crypt:3  | Reached XP level 26. HP: 104/179 MP: 12/23
 57552 | Tomb:1   | Entered Level 1 of the Tomb of the Ancients
 58343 | Depths:1 | Entered Level 1 of the Depths
 58441 | Depths:1 | Received a gift from Trog
 58506 | Depths:1 | Found a gateway to Hell.
 58606 | Depths:1 | Found a gateway to a ziggurat.
 59458 | Depths:2 | Received a gift from Trog
 60061 | Depths:2 | Found a transporter.
 60122 | Depths:2 | Noticed an ancient lich
 60133 | Depths:2 | Noticed p0werm0de's ghost (adept MiFi)
 60145 | Depths:2 | Found a transporter.
 60152 | Depths:2 | Identified the +10 demon blade of Crystal {distort, *Rage
                  | rElec rPois MR+}
 60336 | Depths:2 | Noticed Saint Roka
 60358 | Depths:2 | Received a gift from Trog
 60375 | Depths:2 | Killed Saint Roka
 61369 | Depths:3 | Found Quwnuc's Distillery.
 61372 | Depths:3 | Found Jees's Antique Weapon Boutique.
 61372 | Depths:3 | Found Jeof's General Store.
 61375 | Depths:3 | Found Jacwisch's Magic Scroll Shop.
 61396 | Depths:3 | Reached XP level 27. HP: 186/186 MP: 23/23
 61409 | Depths:3 | Bought a scroll of blinking for 135 gold pieces
 61409 | Depths:3 | Bought a scroll of acquirement for 936 gold pieces
 61418 | Depths:3 | Acquired the +10 crystal plate armour "Vusil" {rF+ rC+
                  | Dex+3}
 61462 | Depths:3 | Found a one-way gate to the infinite horrors of the Abyss.
 62800 | Depths:4 | Received a gift from Trog
 64048 | Depths:4 | Received a gift from Trog
 64937 | Depths:4 | Reached skill level 10 in Evocations
 65060 | Depths:5 | Entered Level 5 of the Depths
 65134 | Depths:5 | Received a gift from Trog
 65293 | Depths:5 | Noticed the Enchantress
 65305 | Depths:5 | Killed the Enchantress
 65636 | Depths:5 | Noticed a juggernaut
 65645 | Depths:5 | Killed a juggernaut
 66251 | Depths:5 | Received a gift from Trog
 66378 | Depths:5 | Found a gate to the Realm of Zot.
 67106 | Depths:3 | Voluntarily entered the Abyss.
 67111 | Abyss:1  | Found a corrupted altar of Lugonu.
 67638 | Abyss:2  | Found a corrupted altar of Lugonu.
 67697 | Depths:3 | Escaped the Abyss
 68026 | Depths:3 | Voluntarily entered the Abyss.
 68031 | Abyss:1  | Got a shimmering iron ring
 68032 | Abyss:1  | Identified the ring of Anaxzucium {Wiz rElec rN+ Str+3
                  | Dex+5} (You found it on level 1 of the Abyss)
 68118 | Abyss:1  | Found a corrupted altar of Lugonu.
 68136 | Abyss:1  | Received a gift from Trog
 68762 | Abyss:1  | Found a viscous altar of Jiyva.
 69157 | Abyss:3  | Received a gift from Trog
 69475 | Abyss:4  | Got an abyssal rune of Zot
 69725 | Depths:3 | Escaped the Abyss
 70382 | Tomb:1   | Received a gift from Trog
 70563 | Tomb:1   | Noticed Mennas
 70583 | Tomb:1   | Killed Mennas
 70687 | Tomb:1   | Noticed a greater mummy
 70698 | Tomb:1   | Gained mutation: Scrolls take you a little longer to read.
                  | [a neqoxec]
 70701 | Tomb:1   | Lost mutation: Scrolls take you a little longer to read. [a
                  | neqoxec]
 70708 | Tomb:1   | HP: 14/288 [??? (2)]
 70714 | Tomb:1   | HP: 6/288 [death scarab (2)]
 70725 | Tomb:1   | Killed a greater mummy
 71523 | Tomb:1   | Identified a +1 pair of boots of running (You found it on
                  | level 1 of the Tomb of the Ancients)
 71808 | Tomb:2   | Noticed an ancient lich
 71813 | Tomb:2   | Noticed a greater mummy
 71815 | Tomb:2   | Noticed a greater mummy
 71815 | Tomb:2   | Noticed a greater mummy
 71829 | Tomb:2   | Killed a greater mummy
 71840 | Tomb:2   | Killed an ancient lich
 71840 | Tomb:2   | Noticed a greater mummy
 71850 | Tomb:2   | Killed a greater mummy
 71850 | Tomb:2   | Killed by a greater mummy's death curse

Illustrated notes

Levels and vault maps discovered:
D:1:      dpeg_arrival_boxorama, layout_basic
D:2:      layout_rooms, nicolae_overflow_crystal_walls, elyvilon_altar_4,
          uniq_natasha
D:3:      layout_basic, portal_sewer_entry_b, uniq_ijyb
D:4:      layout_cave_pools, nzn_random_ring
D:5:      layout_gridville, overflow_temple_1_default,
          amethyst_overflow_temple_binary, serial_shops, shop,
          uniq_crazy_yiuf_cottage, uniq_edmund
D:6:      layout_rooms, kennysheep_mini_moat, roderic_serpentine_path
D:7:      layout_cave_pods, lemuel_blue_sif_altar, minmay_temple_entry_wispy,
          serial_glass, glass_columns_a, glass_columns_b
D:8:      layout_loops_ring, grunt_lair_entry_orc_guard_hut, nicolae_wwwww
D:9:      layout_loops_ring, grunt_temple_overflow_holy_war, xom_confusion_cloud
D:10:     layout_irregular_city, chequers_garden, tso_metal_star
D:11:     layout_layer_cave, serial_glass, glass_columns_c, glass_columns_a,
          minmay_lizard_king, uniq_erica, uniq_harold
D:12:     layout_roguey, orc_0_dummy, minmay_misc_feat_doors, uniq_nessos,
          uniq_maurice, uniq_erolcha
D:13:     minmay_the_grid_square_5x5_4x4_mashed
          [minmay_the_grid_square_5x5_bracketed,
          minmay_the_grid_square_5x5_spiral_small,
          minmay_the_grid_square_5x5_pentomino_r,
          minmay_the_grid_square_5x5_dogpile,
          minmay_the_grid_square_5x5_fancy_junction,
          minmay_the_grid_square_5x5_prize_junk,
          minmay_the_grid_square_5x5_prize_waves,
          minmay_the_grid_square_5x5_lines, minmay_the_grid_square_5x5_z,
          minmay_the_grid_square_5x5_prize_pseudospiral,
          minmay_the_grid_square_5x5_prize_monsterx,
          minmay_the_grid_square_5x5_almost_minimal,
          minmay_the_grid_square_5x5_bridge,
          minmay_the_grid_square_5x5_eight_small,
          minmay_the_grid_square_5x5_hollow_slash,
          minmay_the_grid_square_5x5_minivault], layout_basic,
          fedhas_altar_fruit_tree
D:14:     layout_rooms, hangedman_vaults_entry_quadrant_bands, serial_shops,
          shop, shop_fountains, shop, nicolae_shop_trees, shop,
          lemuel_statue_altar
D:15:     gammafunk_depths_entry_grave, layout_cave_pools,
          chequers_serial_rivers_small_a, serial_shops,
          nicolae_shop_behind_doors
Temple:   oiseaux_autumnal_temple
Lair:1:   layout_cave_pods, grunt_megastairs_1, uniq_nergalle, uniq_fannar
Lair:2:   layout_roguey, gauntlet_entry_generic
Lair:3:   layout_misc_corridors, basic_altar
Lair:4:   layout_cellular_growth, minmay_shoals_entry_centaurs,
          nicolae_spider_entry_tight_spaces, special_room [special_room_bee],
          chequers_serial_rivers_micro_e, kilobyte_rumbling_trees,
          lemuel_fruit_tree, uniq_sonja
Lair:5:   layout_roguey, grunt_megastairs_3
Lair:6:   grunt_lair_end_beastmaster, layout_gridlike,
          dpeg_slime_entry_enclosed_altar, pond, minmay_lair_oklob_chamber,
          infiniplex_staircase_pool_2
Shoals:1: nicolae_shoals_island_circles, layout_shoals,
          nicolae_shoals_kraken_intersection
Shoals:2: layout_shoals, uniq_ilsuiw
Shoals:3: layout_shoals, portal_ice_cave_entry_pillars_1, uniq_mara
Shoals:4: shoals_end_simple, layout_shoals, gammafunk_ghost_wrathful_warriors
Spider:1: layout_spider_delve
Spider:2: layout_spider_delve
Spider:3: layout_spider_delve, drop_trap, nicolae_spider_cling_halls
Spider:4: grunt_spider_rune_parallel, einodemon_crawler_minivault
Orc:1:    layout_caves, serial_shops, shop, shop,
          nicolae_shop_overgrown_old_shop, shop_scrolls, guppyfry_library_mini
Orc:2:    pf_orc_diabolical, layout_caves
Elf:1:    elf_arrival_002, layout_gridlike, minivault_28
Elf:2:    layout_geoelf_grid, grunt_ministairs_13, evilmike_spriggan_trog_shrine
Elf:3:    minmay_elf_hall_hex, layout_gridlike, ebering_ghost_reflecting_pool,
          serial_shops, nicolae_shop_waterfront, nicolae_shop_behind_doors,
          minivault_26, serial_sigils_hangedman_snap, minmay_elf_annihilation
Vaults:1: ontoclasm_vaults_loading_screen, v_misc_12, vaults_room_large_hall,
          nicolae_vaults_quadrants, v_misc_4, layout_vaults_omnigrid
Vaults:2: ontoclasm_vaults_hangar, vaults_not_door_vault_mu, st_octagons_1,
          v_alt_pattern_2, v_alt_pattern_6, layout_vaults_chaotic_city,
          serial_shops, shop
Vaults:3: gammafunk_vaults_ghost_crypt, minmay_crypt_entry_simple_plaza,
          v_alt_pattern_6, grunt_vaults_twisty, v_alt_pattern_3,
          ontoclasm_vaults_decontamination, v_misc_9, v_misc_14,
          ontoclasm_vaults_fault, nicolae_vaults_little_squares_1,
          nicolae_vaults_circle_grid_a, grunt_vaults_hallway_short,
          layout_vaults_maze, uniq_margery
Vaults:4: nicolae_vaults_little_squares_4, ontoclasm_vaults_idyll,
          ontoclasm_vaults_hangar, v_pattern_4, nicolae_vaults_rhombus_7,
          vaults_room_grunt_arrival_checkpoint, v_misc_19,
          nicolae_vaults_specimen_jars, nicolae_vaults_branching_niches,
          v_rooms_6, nicolae_vaults_network_barrier,
          ontoclasm_vaults_loading_screen, layout_vaults_omnibox, serial_shops,
          bzr_entry_water, uniq_aizul
Vaults:5: serial_shops
Crypt:1:  layout_gridlike, uniq_jory, uniq_xtahua
Crypt:2:  hangedman_hall_of_fallen_heroes, layout_chaotic_city,
          nicolae_crypt_twisting_catacombs, st_small_mortuary
Crypt:3:  grunt_crypt_end_deaths_head
Tomb:1:   uniq_mennas
Tomb:2:   uniq_frederick
Depths:1: layout_cave_pools, enter_ziggurat_c, pan_entry, fountainhead,
          hell_entry, minmay_serpent_palace
Depths:2: kennysheep_six_static_rooms, layout_gridville,
          pf_hell_entry_great_geh, grunt_pan_entry_in_and_out, serial_glass,
          glass_columns_a, glass_columns_c, gammafunk_ghost_abyssal_escape,
          infiniplex_staircase_spiral, uniq_saint_roka
Depths:3: lemuel_castle_with_subvaults [lemuel_castle_interior_carwin_2],
          layout_honeycomb, minmay_misc_feat_plants, abyss_entry,
          grunt_pan_entry_zigzag, hell_entry, minmay_shoptagon,
          infiniplex_staircase_trident
Depths:4: minmay_octagon_city, layout_long_grid, minmay_crystal_water,
          hell_entry, abyss_entry, infiniplex_staircase_river
Depths:5: grunt_zot_entry_gee_three, layout_cave_pools,
          chequers_serial_rivers_room_a, hell_entry,
          minmay_hollow_rounded_squares, uniq_enchantress

Skill      XL: |  1  2  3  4  5  6  7  8  9 10 11 12 13 14 15 16 17 18 19 20 21 22 23 24 25 26 27 |
---------------+----------------------------------------------------------------------------------+-----
Dodging        | 2 3 4 5 6 7 8 9 10 11 12 13 14 15 16 17 18 20 | 20.1
Fighting       | 4 5 6 8 9 10 11 12 13 14 15 16 17 18 19 20 21 22 24 | 24.9
Armour         | 3 4 5 6 7 8 9 11 12 13 14 15 16 17 18 19 20 21 22 24 | 24.8
Maces & Flails | 4 5 6 7 8 9 10 11 12 13 14 15 16 17 18 19 20 21 23 | 23.2
Shields        | 1 3 5 7 9 10 11 12 13 14 15 | 15.5
Stealth        | 3 5 |  5.0
Evocations     | 2 4 5 6 7 9 10 | 10.0

Action                   |  1- 3 |  4- 6 |  7- 9 | 10-12 | 13-15 | 16-18 | 19-21 | 22-24 | 25-27 || total
-------------------------+-------+-------+-------+-------+-------+-------+-------+-------+-------++-------
Melee: Mace              |    97 |   189 |    67 |       |       |       |       |       |       ||   353
       Dire flail        |       |       |   239 |       |       |       |       |       |       ||   239
       Unarmed           |       |       |    11 |       |       |       |       |       |       ||    11
       Flail             |       |       |   101 |       |       |       |       |       |       ||   101
       Morningstar       |       |       |    54 |   566 |  1039 |  1880 |  1513 |  1561 |  3251 ||  9864
Throw: Throwing net      |       |       |       |       |       |       |     1 |       |       ||     1
Invok: Berserk           |       |     2 |     1 |     2 |    11 |    11 |     5 |     8 |    13 ||    53
       Trog's Hand       |       |     1 |       |     2 |     9 |     5 |     3 |     6 |     3 ||    29
       Brothers in Arms  |       |       |       |     3 |     4 |     3 |     3 |     2 |     4 ||    19
 Abil: Fly               |       |       |       |       |     1 |       |       |       |       ||     1
Evoke: Wand              |       |       |       |     4 |     1 |     3 |       |     1 |       ||     9
  Use: Scroll            |     4 |     5 |     5 |     9 |     9 |    17 |    10 |    11 |    11 ||    81
       Potion            |       |       |     1 |     1 |       |     2 |       |     1 |     3 ||     8
 Stab: Distracted        |       |       |       |       |     2 |     3 |     3 |     1 |     3 ||    12
       Paralysed         |       |       |       |       |       |     2 |       |     3 |       ||     5
       Held in net/web   |       |       |       |       |       |       |     1 |       |       ||     1
Armor: Chain mail        |    75 |   162 |   307 |   258 |   400 |   746 |   612 |       |       ||  2560
       Scale mail        |       |       |       |     2 |       |       |       |       |       ||     2
       Ring mail         |       |       |       |       |       |       |    32 |   106 |       ||   138
       Gold dragon scale |       |       |       |       |       |       |       |   669 |   542 ||  1211
       Crystal plate arm |       |       |       |       |       |       |       |       |   681 ||   681
Dodge: Dodged            |    52 |   100 |   223 |   264 |   606 |  1352 |   955 |   677 |  1958 ||  6187
Block: Kite shield       |       |       |   114 |   471 |   891 |  1799 |  1303 |  1338 |  2922 ||  8838
       Reflection        |       |       |     6 |    17 |    47 |    78 |    55 |    67 |    82 ||   352

Table legend: (Time is in decaauts)
 A = Elapsed time spent in this place.
 B = Non-inter-level travel time spent in this place.
 C = Inter-level travel time spent in this place.
 D = Time resting spent in this place.
 E = Time spent auto-exploring this place.
 F = Levels seen in this place.
 G = Mean time per level.
                   A        B        C        D        E       F      G
               +--------+--------+--------+--------+--------+-----+--------+
         Total |  70221 |  60799 |   9422 |   7524 |  36946 |  61 | 1151.2 |
       Dungeon |  19450 |  15100 |   4350 |   1835 |   9646 |  15 | 1296.7 |
        Temple |    240 |    230 |     10 |      0 |    229 |   1 |  240.0 |
          Lair |   6655 |   5739 |    916 |    275 |   3922 |   6 | 1109.2 |
        Shoals |   4242 |   3933 |    309 |    297 |   2323 |   4 | 1060.5 |
   Spider Nest |   3151 |   2892 |    259 |     90 |   1900 |   4 |  787.8 |
  Orcish Mines |   1853 |   1531 |    322 |     41 |    915 |   2 |  926.5 |
   Elven Halls |   3656 |   3439 |    217 |     63 |   2351 |   3 | 1218.7 |
        Vaults |  11573 |   9682 |   1891 |   2456 |   4892 |   5 | 2314.6 |
         Crypt |   4272 |   3799 |    473 |    257 |   2726 |   3 | 1424.0 |
          Tomb |   1725 |   1560 |    165 |    601 |    596 |   2 |  862.5 |
        Depths |   8196 |   7692 |    504 |   1101 |   4828 |   5 | 1639.2 |
         Abyss |   2720 |   2720 |      0 |     45 |   1613 |   7 |  388.6 |
        Bazaar |     86 |     86 |      0 |      0 |     59 |   1 |   86.0 |
         Sewer |    645 |    645 |      0 |    125 |    199 |   1 |  645.0 |
      Ice Cave |    984 |    984 |      0 |    209 |    526 |   1 |  984.0 |
      Gauntlet |    766 |    766 |      0 |    124 |    219 |   1 |  766.0 |
               +--------+--------+--------+--------+--------+-----+--------+

Top non-repeatable levels by time:
Vaults:4: 4573 daAuts
Depths:4: 2261 daAuts
    D:11: 2124 daAuts
Vaults:1: 2076 daAuts
Depths:3: 2012 daAuts
 Crypt:3: 1994 daAuts
Vaults:2: 1895 daAuts
    D:13: 1881 daAuts
    D:14: 1771 daAuts
  Tomb:1: 1699 daAuts
    D:12: 1690 daAuts
     D:9: 1641 daAuts
   Elf:3: 1582 daAuts
Depths:2: 1557 daAuts
  Lair:1: 1548 daAuts
